 Dungeon Crawl Stone Soup version 0.30.1-1-g62c8e00024 (webtiles) character file.

Game seed: 14271038564659952580

267649 cdecastro the Brawler (level 19, -26/197 HPs)
             Began as a Troll Fighter on July 17, 2023.
             Was the Champion of Elyvilon.
             Annihilated by a caustic shrike (29 damage)
             ... on level 2 of the Depths on July 18, 2023.
             The game lasted 02:34:40 (44044 turns).

cdecastro the Brawler (Troll Fighter)              Turns: 44044, Time: 02:34:40

Health: -26/197    AC:  4    Str: 27    XL:     19   Next: 35%
Magic:  20/20      EV:  9    Int:  4    God:    Elyvilon [******]
Gold:   478        SH: 17    Dex: 15    Spells: 18/18 levels left

rFire   + .          .
                       - Unarmed
rCold   + + .        D - +0 tower shield "Esche Bat" {rC+}
rNeg    . . .        e - +14 storm dragon scales of Cowardice {rElec Will+ Str-2 SInv}
rPois   +            U - +2 hat
rElec   +            v - scarf {rC+ rF+}
rCorr   .            (gloves unavailable)
SInv    +            (boots unavailable)
Will    +++..        a - amulet of regeneration Stlth
                     n - ring of willpower
HPRegen 2.12/turn    m - ring of poison resistance
MPRegen 0.17/turn

%: no passive effects
@: about to teleport, corroded
A: large, unfitting armour, claws 3, regeneration 1, shaggy fur 1, tough skin 1
}: 2/15 runes: barnacled, gossamer
a: Renounce Religion, Purification, Heal Other, Heal Self, Divine Vigour


You were on level 2 of the Depths.
You worshipped Elyvilon.
Elyvilon was exalted by your worship.
You visited 8 branches of the dungeon, and saw 36 of its levels.
You visited 1 bazaar.
You also visited: Sewer.

You collected 5005 gold pieces.
You spent 4527 gold pieces at shops.

Inventory:

Missiles
 b - a boomerang of dispersal
 h - 4 silver boomerangs
 p - 9 atropa-tipped darts
 t - 8 silver javelins
 E - 15 boomerangs (quivered)
 F - 10 javelins
 J - 7 throwing nets
 K - 4 curare-tipped darts
 S - 50 large rocks
 X - 3 datura-tipped darts
Armour
 e - the +14 storm dragon scales of Cowardice (worn) {rElec Will+ Str-2 SInv}
   (You bought it in a shop on level 3 of the Dungeon)

   Str:       It affects your strength (-2).
   rElec:     It insulates you from electricity.
   SInv:      It lets you see invisible.
   Will:      It increases your willpower.
 v - a scarf of resistance (worn)
 D - the +0 tower shield "Esche Bat" (worn) {rC+}
   (You bought it in a shop on level 2 of the Elven Halls)

   rC:        It protects you from cold.
 U - a +2 hat (worn)
Jewellery
 a - an amulet of regeneration (around neck)
 m - a ring of poison resistance (right claw)
 n - a ring of willpower (left claw)
Wands
 d - a wand of digging (6)
 i - a wand of polymorph (10)
 u - a wand of flame (19)
 w - a wand of roots (41)
 C - a wand of quicksilver (6)
 N - a wand of mindburst (23)
 P - a wand of paralysis (34)
Scrolls
 f - 9 scrolls of immolation
 g - 4 scrolls of silence
 k - a scroll of fog
 y - 5 scrolls of summoning
 A - 4 scrolls of poison
 G - a scroll of vulnerability
 H - 3 scrolls of teleportation
 I - 7 scrolls of blinking
 L - 7 scrolls of magic mapping
 Z - 10 scrolls of fear
Potions
 c - 11 potions of might
 l - 4 potions of resistance
 o - 3 potions of cancellation
 q - 4 potions of invisibility
 r - 13 potions of curing
 s - 7 potions of heal wounds
 x - 11 potions of haste
 B - 6 potions of flight
 M - 5 potions of berserk rage
 O - 7 potions of lignification
 Q - a potion of attraction
 R - a potion of mutation
 W - a potion of brilliance
Miscellaneous
 j - a box of beasts
 z - a condenser vane
 T - a phial of floods
 V - a lightning rod (4/4)
 Y - a phantom mirror


   Skills:
 - Level 14.0 Fighting
 - Level 15.3 Throwing
 - Level 10.1 Armour
 - Level 10.1 Dodging
 * Level 12.3 Shields
 + Level 20.7 Unarmed Combat
 - Level 3.1 Invocations


You had 18 spell levels left.
You didn't know any spells.
Your spell library contained the following spells:

 Spells                   Type           Power      Damage    Failure   Level
 Beastly Appendage        Tmut           0%         N/A       100%        1
 Foxfire                  Conj/Fire      0%         2x1d4     100%        1
 Magic Dart               Conj           0%         1d3       100%        1
 Shock                    Conj/Air       0%         1d3       100%        1
 Sting                    Tmut/Pois      0%         1d3       100%        1
 Blink                    Tloc           0%         N/A       100%        2
 Ensorcelled Hibernation  Hex/Ice        0%         N/A       100%        2
 Lesser Beckoning         Tloc           0%         N/A       100%        2
 Momentum Strike          Conj/Tloc      0%         3d8       100%        2
 Passwall                 Tmut/Erth      0%         N/A       100%        2
 Poisonous Vapours        Pois/Air       0%         N/A       100%        2
 Scorch                   Fire           0%         2d5       100%        2
 Searing Ray              Conj           0%         2d4       100%        2
 Wereblood                Tmut           0%         N/A       100%        2
 Call Canine Familiar     Summ           0%         N/A       100%        3
 Gell's Gravitas          Tloc           0%         N/A       100%        3
 Ozocubu's Armour         Ice            0%         N/A       100%        3
 Portal Projectile        Hex/Tloc       0%         N/A       100%        3
 Spider Form              Tmut/Pois      0%         N/A       100%        3
 Stone Arrow              Conj/Erth      0%         3d7       100%        3
 Swiftness                Air            0%         N/A       100%        3
 Teleport Other           Tloc           0%         N/A       100%        3
 Tukima's Dance           Hex            0%         N/A       100%        3
 Vhi's Electric Charge    Tloc/Air       0%         N/A       100%        3
 Airstrike                Air            0%         2d(0-16)  100%        4
 Anguish                  Hex/Necr       0%         N/A       100%        4
 Animate Armour           Summ/Erth      0%         N/A       100%        4
 Flame Wave               Conj/Fire      0%         2d4       100%        4
 Fulminant Prism          Conj/Hex       0%         3d5       100%        4
 Leda's Liquefaction      Hex/Erth       0%         N/A       100%        4
 Olgreb's Toxic Radiance  Pois           0%         N/A       100%        4
 Passage of Golubria      Tloc           0%         N/A       100%        4
 Arcjolt                  Conj/Air       0%         1d10      100%        5
 Blade Hands              Tmut           0%         N/A       100%        5
 Fireball                 Conj/Fire      0%         3d3       100%        5
 Iskenderun's Battlesphe  Conj           0%         2d6       100%        5
 Lee's Rapid Deconstruct  Erth           0%         3d4*      100%        5
 Metabolic Englaciation   Hex/Ice        0%         N/A       100%        5
 Silence                  Hex/Air        0%         N/A       100%        5
 Dispersal                Tloc           0%         N/A       100%        6
 Iron Shot                Conj/Erth      0%         9d1       100%        6
 Plasma Beam              Fire/Air       0%         2x1d11    100%        6
 Simulacrum               Ice/Necr       0%         N/A       100%        6
 Starburst                Conj/Fire      0%         6d3       100%        6
 Statue Form              Tmut/Erth      0%         N/A       100%        6
 Summon Cactus Giant      Summ           0%         N/A       100%        6
 Spellforged Servitor     Conj/Summ      0%         N/A       100%        7
 Discord                  Hex            0%         N/A       100%        8
 Ignition                 Fire           0%         3d3       100%        8
 Lehudib's Crystal Spear  Conj/Erth      0%         10d2      100%        8


Dungeon Overview and Level Annotations

Branches:
Dungeon (15/15)            Temple (1/1) D:7            Lair (5/5) D:10
 Shoals (4/4) Lair:2       Spider (4/4) Lair:3        Slime (0/5) Lair:4
    Orc (2/2) D:12            Elf (2/3) Orc:2        Vaults (0/5) D:13
 Depths (3/4) D:15          Sewer (visited)

Altars:
Ashenzari
Cheibriados
Dithmenos
Elyvilon
Fedhas
Gozag
Hepliaklqana
Kikubaaqudgha
Makhleb
Nemelex Xobeh
Okawaru
Qazlal
Ru
Sif Muna
Trog
Uskayaw
Vehumet
Wu Jian
Xom
Yredelemnul
Zin
The Shining One

Shops:
D:2 [   D:3 [   D:5 ?   D:8 =   D:9 :   Orc:1 [(   Orc:2 :[(?   Elf:1 [
Elf:2 !*[**   Shoals:2 =

Portals:
Hell: Depths:1 Depths:2
Pandemonium: Depths:2
Ziggurat: Depths:2

Annotations:
D:9 vault need dig
D:12 1 runed translucent door, ZoeForever1's ghost, journeyman GrEE
Lair:3 1 runed translucent door, exclusion: oklob plant, ZoeForever1's ghost, journeyman DrTm
Elf:1 36 runed doors
Depths:3 Jory


Innate Abilities, Weirdness & Mutations

You are too large for most types of armour.
You have claws for hands.
Your natural rate of healing is unusually fast.
You are covered in fur. (AC +1)
You have tough skin. (AC +1)


Message History

Press: ? - help, Dir - move target, f - caustic shrike Heal: a caustic shrike (severely wounded, chance to pacify: 4%) Unknown command.
You barely miss the caustic shrike.
The caustic shrike is severely wounded.
You block the caustic shrike's attack.
Unknown command.
You miss the caustic shrike.
The caustic shrike is severely wounded.
The caustic shrike claws you.
* * * LOW HITPOINT WARNING * * *
The acid corrodes you!
You are splashed with acid!
* * * LOW HITPOINT WARNING * * *
You block the caustic shrike's attack.
You mangle the caustic shrike!!
The caustic shrike is almost dead.
You block the caustic shrike's attack.
Unknown command.
You miss the caustic shrike.
The caustic shrike is almost dead.
The caustic shrike claws you!!
* * * LOW HITPOINT WARNING * * *
The acid corrodes you!
You are splashed with acid.
* * * LOW HITPOINT WARNING * * *
You block the caustic shrike's attack.
As you read the scroll of teleportation, it crumbles to dust.
You feel strangely unstable.
You block the caustic shrike's attack. x2
The caustic shrike attacks as you move away!
You block the caustic shrike's attack. The caustic shrike claws you!!
Elyvilon protects you from harm! The acid corrodes you!
You are splashed with acid!
* * * LOW HITPOINT WARNING * * *
Things that are here:
a +0 troll leather armour; a deep troll corpse; a deep troll corpse The caustic shrike claws you!
* * * LOW HITPOINT WARNING * * *
You are splashed with acid!
Elyvilon protects you from harm! The caustic shrike claws you!!
You die...

#...#.#.#.#.#
#####..#.#.#.#.#.
#...#...#.#.#.#.#
##.##............
####.....#.#..#..##
##..#.......##.####.
#...[>.......#.#..^.
#..b#)[......###....
#..@#........#......
#####........#.....#
#.......######.##
##......##....###.
#####......##...##....
#........#.#.....#...)
#.......##.......####.
####.####..#.............
#..### ####...........#.


You could see a caustic shrike.

Vanquished Creatures
  A quicksilver dragon (Depths:2)
  Polyphemus (Shoals:1)
  Frances (Spider:1)
  Agnes (Elf:1)
  Donald (Spider:2)
  4 tengu reavers
  A fire giant (D:15)
  2 frost giants (Depths:2)
  An emperor scorpion (Spider:1)
  A balrug (Depths:2)
  5 ghost moths
  4 broodmothers
  4 stone giants
  Azrael (D:15)
  4 spark wasps (Spider:4)
  A dire elephant (D:15)
  An iron golem (Depths:2)
  5 ettins
  A merfolk javelineer (Shoals:4)
  A fire dragon (Depths:2)
  9 merfolk impalers
  2 entropy weavers
  3 ice dragons (Depths:2)
  4 jorogumos
  5 hydras
  A catoblepas (Shoals:2)
  3 vault guards (D:13)
  4 merfolk avatars
  2 rakshasas
  2 centaur warriors
  3 radroaches
  2 boulder beetles
  An ogre mage (D:13)
  4 alligator snapping turtles
  5 tengu warriors
  2 satyrs
  31 dancing weapons
  4 merfolk aquamancers
  4 two-headed ogres
  13 deep troll earth magi
  5 deep troll shamans
  4 orc high priests
  A spriggan berserker (Depths:1)
  6 death yaks
  Urug (Orc:1)
  12 deep elf knights
  Amaemon (D:11)
  A sun demon (Depths:2)
  2 sun moths
  Lodul (D:14)
  7 iron trolls
  A pharaoh ant (Spider:2)
  Nergalle (Orc:1)
  8 skysharks
  A golden dragon zombie (Depths:1)
  A spark wasp zombie (Depths:2)
  10 sea snakes
  2 fire crabs (Lair:4)
  14 deep trolls
  An orange crystal statue (Elf:1)
  8 orb spiders
  4 wizards
  17 harpies
  4 steelbarb worms
  2 deep elf archers (Elf:1)
  16 deep elf zephyrmancers
  4 necromancers
  8 orc knights
  13 deep elf pyromancers
  17 wolf spiders
  An oklob plant (Shoals:3)
  30 ugly things
  3 orc sorcerers (Orc:2)
  9 manticores
  7 fauns
  A fire giant zombie (Depths:1)
  A salamander (D:15)
  3 moths of wrath
  An iron dragon skeleton (Depths:1)
  5 elephants
  6 black mambas
  A faun (shapeshifter) (Depths:2)
  A frost giant skeleton (Depths:1)
  6 cyclopes
  A smoke demon (Depths:2)
  8 torpor snails
  6 merfolk sirens
  5 water nymphs
  5 gargoyles
  20 cane toads
  2 demonic crawlers
  An orange demon (D:11)
  Maggie (Lair:2)
  12 komodo dragons
  Psyche (D:11)
  A kobold demonologist (D:12)
  3 rime drakes
  A yaktaur (D:13)
  11 tengu conjurers
  2 burning bushes (Lair:5)
  A hellwing (Depths:2)
  23 merfolk
  6 trolls
  40 tarantellas
  2 hornets
  5 meliai
  A tengu simulacrum (Depths:1)
  3 polar bears
  7 wind drakes
  The ghost of Staticcus the Ducker, an amateur HuGl of the Shining One (D:6)
  An ettin zombie (Depths:1)
  11 snapping turtles
  12 dream sheep
  14 blink frogs
  20 jumping spiders
  A fire giant simulacrum (Depths:1)
  17 culicivoras
  A spriggan skeleton (Depths:1)
  An air elemental (Elf:1)
  A spriggan (Lair:3)
  2 wraiths
  3 wyverns
  A ynoxinul (Depths:2)
  3 shadows
  3 slime creatures (D:12)
  8 water elementals
  43 yaks
  5 basilisks
  4 fire elementals
  A human (D:13)
  3 steam dragons
  2 vampire mosquitoes (D:13)
  47 redbacks
  4 wargs
  2 glowing shapeshifter zombies (Depths:2)
  6 hell hounds (D:15)
  3 acid dragons
  9 water moccasins
  3 ice beasts
  26 orc warriors
  A sky beast (D:6)
  A swamp drake (D:10)
  A black bear (Lair:3)
  17 ogres
  15 wolves
  12 centaurs
  3 phantoms
  10 kobold brigands
  2 earth elementals
  11 bullfrogs
  5 gnoll sergeants
  A scorpion (D:6)
  9 wights (D:8)
  6 killer bees (D:9)
  10 howler monkeys
  4 electric eels
  A bullfrog zombie (D:6)
  A hound (D:7)
  3 jellies
  A gnoll bouda (D:9)
  10 orc priests
  2 sleepcaps
  4 iguanas
  Natasha (thrice) (D:2)
  20 orc wizards
  2 hell rats (Lair:4)
  A killer bee zombie (D:6)
  17 gnolls
  11 adders
  A white imp (D:5)
  An ufetubus (D:5)
  2 dart slugs
  62 orcs
  7 endoplasms
  3 giant cockroaches
  7 goblins
  7 hobgoblins
  5 jackals
  25 kobolds
  2 quokkas
  3 ball pythons
  5 bats
  5 frilled lizards
  7 rats
1145 creatures vanquished.

Vanquished Creatures (others)
  2 deep elf knights (Elf:1)
  An ugly thing (D:15)
  A water elemental (Elf:1)
  An air elemental (Elf:1)
  A redback (Spider:1)
  An orc priest (Orc:2)
  An orc wizard (Orc:2)
8 creatures vanquished.

Grand Total: 1153 creatures vanquished

Notes
Turn   | Place    | Note
-------+----------+-------------------------------------------
     0 | D:1      | cdecastro the Troll Fighter began the quest for the Orb.
     0 | D:1      | Reached XP level 1. HP: 22/22 MP: 0/0
   290 | D:1      | Reached XP level 2. HP: 29/29 MP: 1/1
   826 | D:2      | Found Qiboir's Antique Armour Shoppe.
   879 | D:2      | Noticed Natasha
   888 | D:2      | Killed Natasha
   889 | D:2      | Reached XP level 3. HP: 21/37 MP: 2/2
  1164 | D:2      | Noticed Natasha
  1171 | D:2      | Killed Natasha
  1172 | D:2      | Reached skill level 3 in Unarmed Combat
  1172 | D:2      | Reached XP level 4. HP: 47/48 MP: 3/3
  1224 | D:2      | Noticed Natasha
  1235 | D:2      | Killed Natasha
  1293 | D:2      | Reached XP level 5. HP: 46/54 MP: 4/4
  1793 | D:3      | Found Eheneroe's Antique Armour Shop.
  2503 | D:4      | Found a glowing drain.
  2518 | Sewer    | Entered a sewer
  2566 | Sewer    | Reached skill level 5 in Fighting
  2566 | Sewer    | Reached skill level 4 in Unarmed Combat
  2566 | Sewer    | Reached XP level 6. HP: 58/66 MP: 5/5
  2919 | D:4      | Found a snail-covered altar of Cheibriados.
  2950 | D:4      | Found a radiant altar of Vehumet.
  3246 | D:5      | Entered Level 5 of the Dungeon
  3344 | D:5      | Found a shimmering altar of Xom.
  3525 | D:5      | Reached XP level 7. HP: 72/72 MP: 6/6
  3546 | D:5      | Found a white marble altar of Elyvilon.
  3664 | D:5      | Found Cozes's Magic Scroll Boutique.
  3672 | D:5      | Bought a scroll of teleportation for 39 gold pieces
  3672 | D:5      | Bought a scroll of blinking for 97 gold pieces
  3672 | D:5      | Bought a scroll of identify for 26 gold pieces
  4066 | D:5      | Became a worshipper of Elyvilon the Healer
  4152 | D:6      | Found a runed translucent gate.
  4152 | D:6      | Found a runed translucent gate.
  4152 | D:6      | Found a runed translucent gate.
  4152 | D:6      | Noticed Staticcus's ghost (amateur HuGl)
  4164 | D:6      | Reached skill level 5 in Unarmed Combat
  4170 | D:6      | Found a basalt altar of Yredelemnul.
  4417 | D:6      | Found a blossoming altar of Fedhas.
  4423 | D:6      | Reached XP level 8. HP: 84/84 MP: 7/7
  4475 | D:6      | Reached * piety under Elyvilon
  4540 | D:6      | Reached skill level 6 in Unarmed Combat
  4540 | D:6      | Found a sacrificial altar of Ru.
  5286 | D:7      | Found a staircase to the Ecumenical Temple.
  5302 | Temple   | Entered the Ecumenical Temple
  5519 | D:7      | Reached skill level 7 in Unarmed Combat
  5618 | D:7      | Found a broken altar of Ashenzari.
  5728 | D:7      | Reached XP level 9. HP: 77/97 MP: 8/8
  5756 | D:7      | You fall into a shaft and drop 2 floors!
  5756 | D:9      | Found Geod's Book Boutique.
  5850 | D:8      | Reached ** piety under Elyvilon
  5921 | D:8      | Found a transporter.
  5958 | D:8      | Found a transporter.
  5962 | D:8      | Found a transporter.
  5962 | D:8      | Found a transporter.
  6265 | D:7      | Reached skill level 8 in Unarmed Combat
  6746 | D:8      | Noticed a two-headed ogre
  6840 | D:8      | Found Masi's Jewellery Emporium.
  6942 | D:8      | Reached skill level 10 in Fighting
  7233 | D:9      | Reached *** piety under Elyvilon
  7432 | D:9      | Reached XP level 10. HP: 110/110 MP: 9/9
  7517 | D:9      | Found a glowing silver altar of Zin.
  7873 | D:10     | Entered Level 10 of the Dungeon
  7977 | D:10     | Reached skill level 9 in Unarmed Combat
  8075 | D:10     | Found a staircase to the Lair.
  8312 | D:10     | Reached **** piety under Elyvilon
  8533 | D:10     | Reached skill level 10 in Unarmed Combat
  8595 | D:10     | Noticed a two-headed ogre
  8604 | D:10     | Killed a two-headed ogre
  8605 | D:10     | Reached XP level 11. HP: 123/123 MP: 10/10
  8712 | D:10     | Found a shadowy altar of Dithmenos.
  8744 | D:10     | Found an opulent altar of Gozag.
  9299 | D:11     | Noticed Psyche
  9306 | D:11     | Killed Psyche
  9339 | D:11     | Noticed Amaemon
  9350 | D:11     | Killed Amaemon
  9846 | D:12     | Noticed a purple ugly thing
  9853 | D:12     | Killed a purple ugly thing
  9856 | D:12     | Reached ***** piety under Elyvilon
  9909 | D:12     | Noticed ZoeForever1's ghost (journeyman GrEE)
  9912 | D:12     | Found a runed translucent door.
  9962 | D:12     | Reached skill level 11 in Unarmed Combat
 10067 | D:12     | Noticed a deep elf pyromancer
 10083 | D:12     | Killed a deep elf pyromancer
 10378 | D:12     | Found a staircase to the Orcish Mines.
 10675 | D:12     | Reached XP level 12. HP: 130/137 MP: 11/11
 11147 | D:13     | Noticed a two-headed ogre
 11180 | D:13     | Killed a two-headed ogre
 11181 | D:13     | Reached skill level 12 in Unarmed Combat
 11276 | D:13     | Noticed a centaur warrior
 11292 | D:13     | Killed a centaur warrior
 11399 | D:13     | Found a radiant altar of Vehumet.
 11429 | D:13     | Identified the +4 rapier "Soqukeuji" {heavy, Str+5}
 11505 | D:13     | Noticed a vault guard
 11645 | D:13     | Noticed a rakshasa
 11675 | D:13     | Killed a rakshasa
 11756 | D:13     | Noticed a vault guard
 11800 | D:13     | Killed a vault guard
 11801 | D:13     | Reached skill level 5 in Dodging
 11847 | D:13     | Noticed a tengu warrior
 11864 | D:13     | Killed a tengu warrior
 11865 | D:13     | Reached skill level 1 in Throwing
 11912 | D:13     | Noticed an ogre mage
 11921 | D:13     | Killed an ogre mage
 11996 | D:13     | Killed a vault guard
 12016 | D:13     | Found a gate to the Vaults.
 12016 | D:13     | Noticed a vault guard
 12058 | D:13     | Killed a vault guard
 12240 | D:14     | Reached skill level 13 in Unarmed Combat
 12283 | D:14     | Noticed Lodul
 12298 | D:14     | Reached XP level 13. HP: 146/146 MP: 12/12
 12302 | D:14     | Killed Lodul
 12303 | D:14     | Reached skill level 5 in Throwing
 12549 | D:14     | Found the +8 demon trident "Rift" {distort, reach+}
 12926 | D:15     | Entered Level 15 of the Dungeon
 13051 | D:15     | Noticed Azrael
 13060 | D:15     | Killed Azrael
 13419 | D:15     | Reached ****** piety under Elyvilon
 13456 | D:15     | Reached skill level 14 in Unarmed Combat
 13589 | D:15     | Found a staircase to the Depths.
 13589 | D:15     | Noticed a dire elephant
 13728 | Lair:1   | Entered Level 1 of the Lair of Beasts
 14549 | Lair:2   | Noticed Maggie
 14560 | Lair:2   | Killed Maggie
 14617 | Lair:2   | Reached skill level 1 in Invocations
 15081 | Lair:2   | Found a staircase to the Shoals.
 15380 | Lair:3   | Reached XP level 14. HP: 152/156 MP: 15/15
 15389 | Lair:3   | Found a runed translucent door.
 15389 | Lair:3   | Found a shimmering altar of Xom.
 15389 | Lair:3   | Noticed ZoeForever1's ghost (journeyman DrTm)
 15632 | Lair:3   | Found a hole to the Spider Nest.
 16173 | D:6      | Killed Staticcus's ghost
 16648 | D:15     | Identified a scroll of acquirement
 16648 | D:15     | Acquired 1316 gold pieces
 16870 | D:5      | Bought a scroll of identify for 26 gold pieces
 16870 | D:5      | Bought a scroll of identify for 26 gold pieces
 16870 | D:5      | Bought a scroll of enchant weapon for 97 gold pieces
 17466 | Lair:2   | Reached skill level 5 in Shields
 18175 | Lair:4   | Reached skill level 15 in Unarmed Combat
 18309 | Lair:4   | Reached skill level 1 in Armour
 18864 | Lair:4   | Found a staircase to the Slime Pits.
 19190 | Lair:5   | Entered Level 5 of the Lair of Beasts
 19394 | Lair:5   | Reached skill level 5 in Armour
 19664 | Lair:5   | Reached XP level 15. HP: 156/163 MP: 16/16
 19998 | Lair:5   | Identified the +1 leather armour "Ajupizit" {Dex+2}
 20019 | Lair:5   | Identified the +10 rapier "Zypyraoq" {heavy, rPois rN++
                  | Will+ Stlth+}
 20176 | Lair:5   | Reached skill level 16 in Unarmed Combat
 20385 | Orc:1    | Entered Level 1 of the Orcish Mines
 20435 | Orc:2    | Entered Level 2 of the Orcish Mines
 20618 | Orc:1    | Noticed Nergalle
 20622 | Orc:1    | Killed Nergalle
 20649 | Orc:1    | Found Duijerau's Armour Emporium.
 20723 | Orc:2    | Found a staircase to the Elven Halls.
 20824 | Orc:1    | Noticed Urug
 20854 | Orc:1    | Killed Urug
 20932 | Orc:1    | Found Utox's Weapon Boutique.
 21110 | Orc:1    | You fall into a shaft and drop 1 floor!
 21801 | Orc:2    | Found Zeaguat's Magic Scroll Boutique.
 21801 | Orc:2    | Found Nuwelu's Book Shoppe.
 21805 | Orc:2    | Found Alupeonk's Armour Shoppe.
 21805 | Orc:2    | Found Now Inen's Weapon Boutique.
 21820 | Orc:2    | Bought a scroll of magic mapping for 97 gold pieces
 21820 | Orc:2    | Bought a scroll of enchant armour for 97 gold pieces
 21820 | Orc:2    | Bought a scroll of identify for 26 gold pieces
 22193 | D:3      | Bought ichor-stained storm dragon scales for 2465 gold
                  | pieces
 22193 | D:3      | Identified the +14 storm dragon scales of Cowardice {rElec
                  | Will+ Str-2 SInv} (You bought it in a shop on level 3 of
                  | the Dungeon)
 22271 | D:8      | Bought a ring of willpower for 350 gold pieces
 22642 | Spider:1 | Entered Level 1 of the Spider Nest
 22758 | Spider:1 | Noticed an emperor scorpion
 22773 | Spider:1 | Killed an emperor scorpion
 23007 | Spider:1 | Reached skill level 10 in Throwing
 23586 | Spider:1 | Noticed Frances
 23598 | Spider:1 | Killed Frances
 23616 | Spider:1 | Found a hide-covered altar of Uskayaw.
 24034 | Spider:2 | Noticed Donald
 24054 | Spider:2 | Killed Donald
 24211 | Spider:2 | Reached XP level 16. HP: 154/172 MP: 17/17
 24327 | Spider:2 | Reached skill level 17 in Unarmed Combat
 25525 | Spider:3 | Identified the +3 flail of Capital Punishment {pain, *Noise
                  | Str+6 Dex+3}
 26147 | Spider:4 | Entered Level 4 of the Spider Nest
 26983 | Spider:4 | Reached skill level 15 in Throwing
 28272 | Spider:4 | Reached skill level 18 in Unarmed Combat
 28593 | Spider:4 | Got a gossamer rune of Zot
 29215 | Elf:1    | Entered Level 1 of the Elven Halls
 29268 | Elf:1    | Noticed Agnes
 29283 | Elf:1    | Killed Agnes
 29340 | Elf:1    | Found a huge runed gate.
 29340 | Elf:1    | Found a huge runed gate.
 29340 | Elf:1    | Found a huge runed gate.
 29340 | Elf:1    | Found a huge runed gate.
 29340 | Elf:1    | Found a huge runed gate.
 29340 | Elf:1    | Found a huge runed gate.
 29340 | Elf:1    | Found a huge runed gate.
 29340 | Elf:1    | Found a huge runed gate.
 29341 | Elf:1    | Found a huge runed gate.
 29342 | Elf:1    | Found a huge runed gate.
 29352 | Elf:1    | Found a huge runed gate.
 29352 | Elf:1    | Found a huge runed gate.
 29352 | Elf:1    | Found a huge runed gate.
 29352 | Elf:1    | Found a huge runed gate.
 29352 | Elf:1    | Found a huge runed gate.
 29353 | Elf:1    | Found a huge runed gate.
 29354 | Elf:1    | Found a huge runed gate.
 29384 | Elf:1    | Found Goxamui's Armour Shoppe.
 29389 | Elf:1    | Found a huge runed gate.
 29389 | Elf:1    | Found a huge runed gate.
 29616 | Elf:1    | Reached XP level 17. HP: 139/180 MP: 18/18
 29674 | Elf:1    | Found a huge runed gate.
 29674 | Elf:1    | Found a huge runed gate.
 29674 | Elf:1    | Found a huge runed gate.
 29674 | Elf:1    | Found a huge runed gate.
 29674 | Elf:1    | Found a huge runed gate.
 29674 | Elf:1    | Found a huge runed gate.
 29675 | Elf:1    | Found a huge runed gate.
 29676 | Elf:1    | Found a huge runed gate.
 29677 | Elf:1    | Found a huge runed gate.
 29689 | Elf:1    | Found a huge runed gate.
 29689 | Elf:1    | Found a huge runed gate.
 29689 | Elf:1    | Found a huge runed gate.
 29689 | Elf:1    | Found a huge runed gate.
 29689 | Elf:1    | Found a huge runed gate.
 29689 | Elf:1    | Found a huge runed gate.
 29690 | Elf:1    | Found a huge runed gate.
 29691 | Elf:1    | Found a huge runed gate.
 30463 | Elf:1    | Identified the +10 spear of Jeitoer {speed, Str+3 SInv
                  | Stlth+}
 30922 | Elf:2    | Found Riuch's Antique Armour Emporium.
 30948 | Elf:2    | Bought a distressingly furry tower shield for 332 gold
                  | pieces
 30948 | Elf:2    | Identified the +0 tower shield "Esche Bat" {rC+} (You
                  | bought it in a shop on level 2 of the Elven Halls)
 30948 | Elf:2    | Bought a slimy cloak for 332 gold pieces
 30948 | Elf:2    | Identified the +0 cloak "Pabo" {Dex+3} (You bought it in a
                  | shop on level 2 of the Elven Halls)
 30958 | Elf:2    | Found Vudiquj's Assorted Antiques.
 31136 | Elf:2    | Found Fiotoam's General Store.
 31164 | Elf:2    | Found Videfof's Assorted Antiques.
 31230 | Elf:2    | Found Vetsisat's Distillery.
 31366 | Elf:2    | Found a runed translucent gate.
 31367 | Elf:2    | Found a runed translucent gate.
 31367 | Elf:2    | Found a runed translucent gate.
 31420 | Elf:2    | Identified the +5 quarterstaff of Hepoh {freeze, rN+ rCorr
                  | Str+7}
 31797 | Shoals:1 | Entered Level 1 of the Shoals
 33280 | Shoals:2 | Found Zoruex's Jewellery Shop.
 33594 | Shoals:2 | Noticed Polyphemus
 33623 | Shoals:1 | Killed Polyphemus
 33699 | Shoals:2 | Reached skill level 10 in Dodging
 34231 | Shoals:2 | Reached skill level 19 in Unarmed Combat
 35394 | Shoals:3 | Found a shimmering blue altar of Sif Muna.
 35636 | Shoals:4 | Entered Level 4 of the Shoals
 35683 | Shoals:4 | Found a flickering gateway to a bazaar.
 35707 | Bazaar   | Entered a bazaar
 35727 | Bazaar   | Found Heuh's Book Emporium.
 35757 | Bazaar   | Found Eghamp's Magic Scroll Boutique.
 35813 | Bazaar   | Found Kenusa's Assorted Antiques.
 35864 | Bazaar   | Found Wolud's Jewellery Emporium.
 36168 | Bazaar   | Bought an amulet of regeneration for 450 gold pieces
 36209 | Bazaar   | Bought a scroll of enchant armour for 67 gold pieces
 37891 | Shoals:4 | Got the Grimoire of Attacks
 38165 | Shoals:4 | Reached XP level 18. HP: 89/189 MP: 19/19
 38242 | Shoals:4 | Identified the +1 ring mail of the Lobster {rPois Int+2}
 38336 | Shoals:4 | Reached skill level 10 in Armour
 38888 | Shoals:4 | Got a barnacled rune of Zot
 40360 | Depths:1 | Entered Level 1 of the Depths
 41016 | D:15     | Reached skill level 20 in Unarmed Combat
 41307 | Depths:1 | Reached skill level 10 in Shields
 41370 | Depths:1 | Found a gateway to Hell.
 42324 | Depths:1 | Reached XP level 19. HP: 151/190 MP: 20/20
 42501 | Depths:2 | Found a one-way gateway to a ziggurat.
 42785 | Depths:2 | Found a snail-covered altar of Cheibriados.
 43024 | Depths:2 | Found a one-way gate leading to the halls of Pandemonium.
 43697 | Depths:3 | Noticed Jory
 44006 | Depths:3 | Noticed a caustic shrike
 44042 | Depths:2 | Elyvilon protects you from harm!
 44043 | Depths:2 | HP: 1/197 [caustic shrike (12)]
 44043 | Depths:2 | Elyvilon protects you from harm!
 44044 | Depths:2 | Annihilated by a caustic shrike

Illustrated notes

Levels and vault maps discovered:
D:1:      dpeg_arrival_brainrot, layout_loops_ring,
          chequers_serial_rivers_small_b
D:2:      layout_basic, serial_shops, shop, uniq_natasha
D:3:      layout_loops_cross, serial_shops, nicolae_shop_stone
D:4:      layout_gridville, mainiacjoe_overflow_two_lobes, portal_sewer_entry_d,
          hangedman_decor_clover_reticule
D:5:      layout_basic, elyvilon_altar_3, tgw_xom, serial_shops,
          nicolae_shop_trees, minivault_19
D:6:      layout_basic, nicolae_yredelemnul_ghost_church, kennysheep_little_box,
          nicolae_ru_awakened_eye, minmay_statues_item
D:7:      layout_loops_ring, mainiacjoe_overflow_alcove_4,
          minmay_temple_entry_stoned_glass, patterned_corridor
D:8:      layout_basic, serial_shops, nicolae_stop_n_shop_2,
          nicolae_diode_intersection
D:9:      layout_roguey, zin_scriptorium, serial_shops,
          nicolae_shop_rolling_square
D:10:     layout_stronghold, mainiacjoe_overflow_surrounded_room,
          lemuel_doored_altar, erik_lair_dragon
D:11:     layout_loops_cross, uniq_amaemon, uniq_psyche
D:12:     layout_gridville, kennysheep_orc_monster_closet_entryway,
          hellmonk_ghost_big_iron, serial_bayou_pond_a,
          hellmonk_bongcloud_opening
D:13:     layout_long_grid, grunt_vaults_entry_fortified, kennysheep_donut,
          nicolae_vehumet_altar_sigil
D:14:     layout_roguey, minmay_misc_feat_four_crosses, kennysheep_nub,
          uniq_lodul
D:15:     hangedman_depths_entry_try_elsewhere_first, layout_basic, uniq_azrael
Temple:   bh_familiar_temple
Lair:1:   layout_gridlike, beast_lair_carwin_11
Lair:2:   layout_regular_city, elwin_shoals_entry_rooms,
          nicolae_quartered_pool_super, beast_lair_carwin_3, uniq_maggie
Lair:3:   layout_misc_corridors, spider_nest_entry_rubble, ebering_ghost_xom,
          forest_entry_grove
Lair:4:   nzn_winding_woodlands_huge [nzn_winding_woodlands_5x15_concentric,
          nzn_winding_woodlands_5x15_lazy_stream,
          nzn_winding_woodlands_5x15_garden, nzn_winding_woodlands_5x15_eye,
          nzn_winding_woodlands_5x15_twine, nzn_winding_woodlands_5x15_cabin,
          nzn_winding_woodlands_5x15_crooked,
          nzn_winding_woodlands_5x15_river_crossing,
          nzn_winding_woodlands_5x15_pathside_ponds,
          nzn_winding_woodlands_5x15_jagged,
          nzn_winding_woodlands_center_triple_pond,
          nzn_winding_woodlands_center_diamonds,
          nzn_winding_woodlands_15x15_thick_spiral], layout_misc_corridors,
          slime_entry_1, chequers_serial_rivers_large_b
Lair:5:   gammafunk_lair_ancient_temple, layout_big_grid,
          grunt_forest_small_clearings, evilmike_ambush
          [evilmike_ambush_outer_basic, evilmike_ambush_inner_basic],
          lemuel_fruit_tree
Shoals:1: layout_shoals, abandoned_shop
Shoals:2: layout_shoals, serial_shops, shop, uniq_polyphemus
Shoals:3: layout_shoals, abandoned_shop, lemuel_oklob_altar
Shoals:4: shoals_end_simple, layout_shoals, serial_shops, bzr_entry_customers
Spider:1: layout_spider_delve, nicolae_spider_altar_of_dancing, uniq_frances
Spider:2: layout_cave_pods, uniq_donald
Spider:3: layout_spider_delve, hangedman_spider_tarantella_strand
Spider:4: grunt_spider_rune_parallel, nicolae_spider_twisty_arc_passages
Orc:1:    layout_diamond_mine, serial_shops, shop_fountains,
          nicolae_shop_bloodbath_and_beyond, kennysheep_orc_chapel,
          uniq_nergalle, uniq_urug
Orc:2:    grunt_orc_tribal_feast, layout_caves
Elf:1:    layout_geoelf_octagon, serial_shops, shop, evilmike_minifort,
          minivault_16, door_vault, uniq_agnes
Elf:2:    nicolae_elf_blades_crystal_corner, layout_gridlike, serial_shops,
          shop, shop, nicolae_stop_n_shop_2, nicolae_diamond_shop,
          nicolae_shop_pleasant_corner_grove, minivault_11
Depths:1: layout_cave_shapes, hell_entry, nicolae_danse_macabre,
          roderic_lattice_octagonal_star
Depths:2: cheibrodos_birdhouse, layout_honeycomb, enter_ziggurat_f,
          rand_demon_pan_entry_3, grunt_hell_entry_dis_grunt,
          minmay_misc_feat_columns, chei_slow_surprise, minmay_staircase_statues
Depths:3: minmay_ornate_pinched, layout_twisted_cross, minmay_tree_intersection,
          abyss_entry, hell_entry, infiniplex_staircase_zigzag_3,
          serial_bayou_shore_b, uniq_xtahua, uniq_jory

Skill      XL: |  1  2  3  4  5  6  7  8  9 10 11 12 13 14 15 16 17 18 19 |
---------------+----------------------------------------------------------+-----
Fighting       | 3 4 5 6 8 10 11 13 14 | 14.0
Unarmed Combat | 3 4 5 7 8 10 11 13 14 15 16 18 19 20 | 20.7
Dodging        | 5 7 10 | 10.1
Throwing       | 4 9 12 15 | 15.3
Invocations    | 3 |  3.1
Shields        | 3 6 11 12 | 12.3
Armour         | 5 8 9 10 | 10.1

Action                     |  1- 3 |  4- 6 |  7- 9 | 10-12 | 13-15 | 16-18 | 19-21 || total
---------------------------+-------+-------+-------+-------+-------+-------+-------++-------
  Melee: Unarmed           |    71 |   180 |   255 |   601 |  1261 |  1598 |   305 ||  4271
  Throw: Dart              |       |       |    17 |     1 |    98 |   204 |       ||   320
         Boomerang         |       |       |       |       |    16 |    78 |       ||    94
         Large rock        |       |       |       |       |    14 |     4 |       ||    18
         Javelin           |       |       |       |       |     2 |    17 |       ||    19
 Invoke: Heal Self         |       |       |       |       |     2 |     3 |       ||     5
         Purification      |       |       |       |       |     1 |     2 |       ||     3
  Evoke: Wand              |       |       |     3 |     3 |    16 |     3 |       ||    25
         Lightning rod     |       |       |       |       |     4 |     1 |       ||     5
         Condenser vane    |       |       |       |       |     2 |     1 |       ||     3
         Box of beasts     |       |       |       |       |     1 |       |       ||     1
         Phantom mirror    |       |       |       |       |     1 |       |       ||     1
         Phial of floods   |       |       |       |       |     1 |       |       ||     1
    Use: Scroll            |       |       |     7 |     5 |    15 |     5 |     3 ||    35
         Potion            |       |       |       |     1 |     6 |     1 |       ||     8
   Stab: Sleeping          |       |     1 |     1 |     1 |       |       |       ||     3
         Paralysed         |       |       |       |     2 |       |       |       ||     2
         Invisible         |       |       |       |       |     4 |     1 |       ||     5
         Confused          |       |       |       |       |     2 |       |       ||     2
         Petrified         |       |       |       |       |       |     3 |       ||     3
 Armour: Robe              |    23 |    72 |    33 |       |       |       |       ||   128
         Steam dragon scal |       |       |    22 |    38 |       |       |       ||    60
         Troll leather arm |       |       |       |   213 |   422 |       |       ||   635
         Storm dragon scal |       |       |       |       |   171 |  1110 |   192 ||  1473
  Dodge: Dodged            |    22 |    87 |    77 |   251 |   471 |   528 |    96 ||  1532
  Block: Kite shield       |    20 |    78 |    80 |   258 |   557 |   269 |       ||  1262
         Tower shield      |       |       |       |       |       |   861 |   287 ||  1148
